Map: Ephemeron LE

Players

ViBE - Winner!

  • Race: Terran Terran
  • League: Master
  • Spawn Location: 11:00

DanBelnK

  • Race: Zerg Zerg
  • League: Diamond
  • Spawn Location: 5:00

VOD

Have the link to the VOD?

Description

Time

  • Played on: Dec. 26, 2019, 8:10 p.m.
  • Length: 11:33
Show
View Real Time Build Order
Export as new Build Order

ViBE Terran - Winner!

Build Orders: 2 Factory, Reaper Expand 

Get SALT Encoding   

  12  0:00  SCV  
  13  0:13  SCV  
  14  0:18  Supply Depot  
  14  0:25  SCV  
  15  0:39  SCV  
  15  0:41  Barracks  
  16  0:49  Refinery  
  16  0:51  SCV  
  17  1:04  SCV  
  18  1:16  SCV  
  19  1:29  Orbital Command  
  19  1:32  Reaper  
  20  1:44  Command Center  
  20  1:57  SCV  
  21  2:07  Supply Depot  
  21  2:09  SCV  
  22  2:16  Factory  
  22  2:21  SCV  
  23  2:27  Barracks Reactor  
  23  2:30  Refinery  
  23  2:34  SCV  
  24  2:43  Supply Depot  
  24  2:46  SCV  
  25  2:58  SCV  
  26  3:05  Factory  
  27  3:09  Orbital Command  
  27  3:10  Supply Depot  
  26  3:13  Hellion  
  26  3:16  Hellion  
  26  3:19  SCV  
  30  3:23  Barracks Tech Lab  
  30  3:31  SCV, Supply Depot  
  31  3:34  SCV  
  31  3:37  Hellion  
  31  3:40  Hellion  
  36  3:43  SCV  
  36  3:47  SCV  
  38  3:55  SCV  
  39  4:00  Hellion  
  39  4:02  Cyclone, Hellion  
  46  4:03  Mag-Field Accelerator  
  46  4:10  Supply Depot  
  46  4:17  SCV x2  
  48  4:28  Hellion x2  
  48  4:29  SCV x2  
  54  4:34  Supply Depot, Cyclone  
  57  4:51  Hellion x2  
  59  5:06  Supply Depot, Cyclone  
  58  5:12  Hellion  
  58  5:13  Hellion  
  60  5:16  Command Center  
  64  5:35  Hellion  
  64  5:36  Hellion  
  64  5:38  Cyclone  
  64  5:40  SCV x2  
  64  5:41  Factory  
  64  5:42  Factory, Refinery x2  
  69  5:43  Infernal Pre-Igniter  
  69  5:45  Supply Depot  
  69  6:06  Hellion x2  
  69  6:10  SCV x2, Cyclone  
  68  6:37  Factory Reactor, Factory Tech Lab  
  68  6:38  Hellion x2  
  72  6:47  SCV x2  
  74  6:54  Command Center  
  71  7:04  Cyclone x2, Hellion  
  71  7:05  Hellion  
  81  7:16  SCV  
  81  7:17  SCV  
  81  7:18  Orbital Command  
  81  7:21  Hellion x2  
  87  7:30  Armory x2  
  87  7:32  SCV x2  
  89  7:38  Cyclone  
  89  7:42  Cyclone  
  87  7:45  Hellion  
  87  7:55  Hellion  
  87  7:56  Hellion x2  
  91  8:10  Siege Tank  
  86  8:17  Siege Tank  
  86  8:18  Hellion x4  
  91  8:24  SCV x3  
  84  8:36  SCV x2, Terran Vehicle And Ship Armor Level 1, Terran Vehicle Weapons Level 1  
  84  8:40  Factory  
  84  8:41  Factory  
  86  8:43  Command Center  
  86  8:45  SCV, Factory  
  86  8:48  SCV x2  
  89  8:55  Siege Tank  
  89  8:56  Siege Tank  
  89  8:59  SCV  
  89  9:00  SCV  
  97  9:05  SCV  
  97  9:08  Refinery  
  97  9:09  Refinery  
  98  9:11  SCV  
  98  9:12  SCV  
  98  9:16  Supply Depot  
  98  9:17  SCV  
  101  9:23  SCV  
  102  9:30  Siege Tank x2  
  104  9:33  Factory Tech Lab x3  
  104  9:34  Hellion x2  
  104  9:35  Hellion x2  
  105  9:50  SCV  
  103  9:59  Engineering Bay, Siege Tank  
  105  10:00  Siege Tank  
  105  10:01  Hellion x4  
  113  10:07  Command Center  
  113  10:17  Thor  
  119  10:25  Thor  
  125  10:33  SCV x2  
  125  10:34  SCV  
  128  10:39  Supply Depot  
  128  10:41  Supply Depot  
  128  10:42  Supply Depot  
Show
View Real Time Build Order
Export as new Build Order

DanBelnK Zerg 

Build Orders: Hatch First 

Get SALT Encoding   

  12  0:01  Drone  
  13  0:13  Overlord  
  13  0:20  Drone  
  14  0:33  Drone x2  
  16  0:50  Hatchery  
  16  0:53  Drone  
  16  1:10  Drone  
  16  1:11  Spawning Pool  
  16  1:13  Extractor  
  16  1:16  Drone  
  16  1:21  Drone  
  17  1:26  Drone  
  18  1:38  Overlord  
  18  1:56  Drone  
  18  1:58  Queen  
  18  1:59  Zergling x2  
  22  2:02  Zergling x2  
  22  2:03  Queen  
  26  2:08  Drone  
  26  2:13  Drone  
  27  2:16  Metabolic Boost  
  27  2:25  Overlord  
  27  2:29  Drone x2  
  29  2:39  Drone x2  
  31  2:51  Overlord  
  31  3:01  Overlord  
  31  3:07  Roach Warren  
  31  3:11  Drone x2  
  32  3:13  Drone x5  
  32  3:14  Drone  
  38  3:37  Hatchery  
  37  3:45  Drone  
  38  3:52  Roach  
  38  3:53  Roach x6  
  50  4:03  Extractor  
  50  4:04  Queen  
  50  4:06  Overlord  
  50  4:07  Drone x2  
  53  4:32  Drone x4  
  53  4:33  Drone x6  
  63  4:38  Lair  
  63  4:41  Extractor  
  60  5:01  Roach x2  
  60  5:02  Roach x2  
  60  5:03  Zergling x2  
  60  5:04  Zergling x10  
  66  5:15  Queen  
  66  5:16  Hatchery  
  66  5:21  Roach x3  
  73  5:23  Overlord x3  
  73  5:34  Overlord  
  73  5:37  Glial Reconstitution  
  71  6:05  Roach x4  
  71  6:06  Roach x2  
  83  6:13  Roach x3  
  83  6:16  Overlord x6  
  71  6:43  Roach x11  
  81  7:01  Roach x7  
  89  7:06  Zergling x6  
  89  7:08  Ravager x3  
  91  7:22  Drone x6  
  91  7:36  Roach x7  
  90  8:05  Roach x3  
  96  8:06  Roach x10  
  108  8:19  Roach x5  
  107  8:25  Zergling x6  
  107  8:26  Zergling x8  
  96  8:46  Roach x6  
  108  8:58  Roach  
  108  8:59  Roach x6  
  108  9:01  Zergling x8  
  125  9:11  Overlord x3  
  99  9:36  Drone x6  
  99  9:37  Drone x3  
  92  9:49  Zergling x24  
  96  9:58  Drone x3  
  93  10:01  Extractor  
  93  10:02  Extractor  
  93  10:03  Spire  
  93  10:05  Drone x2  
  92  10:16  Extractor  
  92  10:20  Hatchery  
Tags
 
Add a new tag
Caveats
  • Supply blocks, unpowered buildings, or Contaminate may cause inaccurate times.
  • Supply counts are checked every 10 seconds.